 Dungeon Crawl Stone Soup version 0.31-a0-177-g4aa6249778 (webtiles) character file.

Game seed: 4562971927413957782

156 Moral the Shooter (level 5, -4/36 HPs)
             Began as an Octopode Hunter on June 19, 2023.
             Succumbed to a kobold brigand's curare-tipped dart
             ... in a sewer.
             The game lasted 00:05:45 (2607 turns).

Moral the Shooter (Octopode Hunter)                 Turns: 2607, Time: 00:05:46

Health: -4/36      AC:  5    Str: 11      XL:     5   Next: 38%
Magic:  5/5        EV: 13    Int: 11      God:
Gold:   279        SH:  0    Dex: 14 (17) Spells: 4/4 levels left

rFire   . . .        a - +0 shortbow
rCold   . . .        (shield currently unavailable)
rNeg    . . .        (helmet restricted)
rPois   .            (no amulet)
rElec   .            l - +4 ring of protection
rCorr   .            (no ring)
SInv    .            (no ring)
Will    +....        (no ring)
Stlth   +++          (no ring)
HPRegen 0.26/turn    (no ring)
MPRegen 0.09/turn    (no ring)
                     (no ring)

%: no passive effects
@: lethally poisoned (-4 -> -25), enlightened, flying, slowed, very slow
A: almost no armour, amphibious, 8 rings, camouflage 1, gelatinous body 1,
(nimble swimmer 1), tentacles
a: no special abilities


You were in a sewer.
You visited 1 branch of the dungeon, and saw 3 of its levels.
You also visited: Sewer.

You collected 279 gold pieces.

Inventory:

Hand Weapons
 a - a +0 shortbow (weapon)
Jewellery
 l - a +4 ring of protection (left tentacle)
Scrolls
 b - a scroll of butterflies
 d - a scroll of teleportation
 e - a scroll of enchant weapon
 g - 2 scrolls of enchant armour
 h - a scroll of vulnerability {unknown}
 k - a scroll of identify
Potions
 c - 2 potions of curing {unknown}
 i - a potion of degeneration {unknown}
 j - a potion of cancellation {unknown}
 m - a potion of invisibility {unknown}


   Skills:
 * Level 3.5 Fighting
 * Level 5.0 Ranged Weapons
 + Level 2.7 Dodging
 + Level 2.9 Stealth


You had 4 spell levels left.
You didn't know any spells.
Your spell library contained the following spells:

 Spells                   Type           Power      Damage    Failure   Level
 Freeze                   Ice            0%         1d3       34%         1
 Static Discharge         Conj/Air       0%         2-2/arc   47%         2
 Frozen Ramparts          Ice            0%         1d1       71%         3
 Hailstorm                Conj/Ice       0%         3d3       71%         3
 Inner Flame              Hex/Fire       0%         N/A       71%         3
 Airstrike                Air            0%         2d(0-16)  98%         4
 Flame Wave               Conj/Fire      0%         2d4       98%         4
 Sticky Flame             Conj/Fire      0%         2d3       98%         4
 Summon Lightning Spire   Summ/Air       0%         N/A       98%         4


Dungeon Overview and Level Annotations

Branches:
Dungeon (3/15)              Sewer (1/1)

Altars:
Makhleb
Okawaru
Qazlal


Innate Abilities, Weirdness & Mutations

You cannot wear most types of armour.
You are amphibious.
You can wear up to eight rings at the same time.
Your skin changes colour to match your surroundings (Stealth+).
Your rubbery body absorbs attacks. (AC +1, EV +1)
((You are camouflaged when in or above water. (Stealth+)))
You have tentacles for arms and can constrict up to eight enemies at once.


Message History

The shadow imp gestures at you.
You barely resist. You shoot an arrow. The arrow barely misses the ufetubus.
The arrow hits the kobold zombie but does no damage.
You shoot an arrow. The arrow closely misses the ufetubus.
The arrow barely misses the kobold zombie.
You shoot an arrow. The arrow misses the ufetubus.
The arrow hits the kobold zombie!
The kobold zombie is severely damaged.
You shoot an arrow.
The arrow completely misses the ufetubus.
The arrow hits the kobold zombie.
The kobold zombie is almost destroyed.
The kobold brigand throws a curare-tipped dart.
The curare-tipped dart hits you.
You are poisoned.
You have difficulty breathing.
You feel yourself slow down.
You shoot an arrow. The arrow closely misses the ufetubus.
The arrow hits the kobold zombie!
You destroy the kobold zombie!
You feel sick.
The kobold brigand throws a curare-tipped dart.
The curare-tipped dart hits you.
You are more poisoned.
You have difficulty breathing.
You feel as though you will be slow longer.
You shoot an arrow. The arrow closely misses the ufetubus.
You feel extremely sick.
The kobold brigand throws a curare-tipped dart.
The curare-tipped dart hits you.
You are more poisoned.
You have difficulty breathing.
* * * LOW HITPOINT WARNING * * *
You feel as though you will be slow longer.
Okay, then.
Okay, then.
It was a potion of enlightenment.
You feel very buoyant.
You fly up into the air.
You die...

#≈≈≈# #≈≈≈# ≈≈≈...# ≈≈≈
#≈≈≈# ≈#...# ≈≈≈≈
#≈≈≈#≈≈≈≈≈≈≈...≈ ≈≈≈≈
#≈≈~#≈≈≈≈≈≈≈...#≈≈≈≈≈
#≈≈≈#≈≈≈≈≈≈#...#≈≈≈≈≈
#≈≈≈#≈≈≈≈≈≈#...≈≈≈≈≈≈
#≈≈≈#≈≈≈≈≈≈#...# ≈≈≈≈
#≈≈≈#≈≈≈≈≈≈≈.@.#~≈≈≈≈
#~≈≈#≈≈≈~≈~#...#~≈≈≈≈
#≈~≈#≈≈≈≈≈...≈...~≈≈≈
#≈~≈#~≈~~..#≈≈≈#..~..
#≈~≈#.)....#≈≈≈#.....
#≈≈~#'#######≈#######'#
#≈~≈#......#55K#......#
#≈~.)≈≈≈≈≈~).K.))~~~≈~#
#≈≈≈#≈≈≈~≈≈#...#≈≈≈≈~~#


You could see a kobold brigand, a shadow imp, an ufetubus and a kobold.

Vanquished Creatures
  A quasit (Sewer)
  An adder (D:2)
  A shadow imp (Sewer)
  5 ufetubi (Sewer)
  2 worms
  An orc (D:3)
  6 bats
  6 endoplasms
  7 giant cockroaches
  6 goblins
  9 hobgoblins
  11 kobolds
  3 quokkas
  3 ball pythons
  2 frilled lizards
  A giant cockroach zombie (Sewer)
  2 kobold zombies (Sewer)
  6 rats
73 creatures vanquished.

Vanquished Creatures (others)
  An endoplasm (Sewer)
1 creature vanquished.

Grand Total: 74 creatures vanquished

Notes
Turn   | Place    | Note
-------+----------+-------------------------------------------
     0 | D:1      | Moral the Octopode Hunter began the quest for the Orb.
     0 | D:1      | Reached XP level 1. HP: 14/14 MP: 1/1
   125 | D:1      | Reached XP level 2. HP: 19/19 MP: 2/2
   463 | D:1      | Found a faded altar of an unknown god.
   520 | D:1      | Reached XP level 3. HP: 25/25 MP: 3/3
  1556 | D:2      | Reached XP level 4. HP: 30/30 MP: 4/4
  2181 | D:3      | Found an iron altar of Okawaru.
  2193 | D:3      | Found a stormy altar of Qazlal.
  2197 | D:3      | Found a burning altar of Makhleb.
  2234 | D:3      | Found a glowing drain.
  2253 | Sewer    | Entered a sewer
  2465 | Sewer    | Reached XP level 5. HP: 28/36 MP: 5/5
  2496 | Sewer    | Found a burning altar of Makhleb.
  2529 | Sewer    | Reached skill level 5 in Ranged Weapons
  2582 | Sewer    | Noticed a kobold brigand
  2607 | Sewer    | Succumbed to a kobold brigand's curare-tipped dart

Illustrated notes

Levels and vault maps discovered:
D:1:      minmay_arrival_four_circles, layout_basic,
          shapermc_ecumenical_altar_notcrosses, chequers_serial_rivers_marsh,
          minmay_misc_feat_four_crosses, minivault_5
D:2:      layout_basic
D:3:      minmay_spotlight, layout_basic, minmay_overflow_temple_star_quad,
          portal_sewer_entry_b, uniq_sigmund
Sewer:    kennysheep_sewer_church

Skill      XL: |  1  2  3  4  5 |
---------------+----------------+-----
Stealth        | 2 |  2.9
Fighting       | 3 |  3.5
Ranged Weapons | 5 |  5.0
Dodging        | |  2.7

Action                     |  1- 3 |  4- 6 || total
---------------------------+-------+-------++-------
   Fire: Shortbow          |   105 |   143 ||   248
    Use: Scroll            |       |     5 ||     5
         Potion            |       |     1 ||     1
 Armour: Skin              |     1 |    67 ||    68
  Dodge: Dodged            |    22 |   172 ||   194

Table legend: (Time is in decaauts)
 A = Elapsed time spent in this place.
 B = Non-inter-level travel time spent in this place.
 C = Inter-level travel time spent in this place.
 D = Time resting spent in this place.
 E = Time spent auto-exploring this place.
 F = Levels seen in this place.
 G = Mean time per level.
                   A        B        C        D        E       F      G
               +--------+--------+--------+--------+--------+-----+--------+
         Total |   2649 |   2556 |     93 |      0 |   2131 |   4 |  662.2 |
       Dungeon |   2277 |   2184 |     93 |      0 |   1908 |   3 |  759.0 |
         Sewer |    371 |    371 |      0 |      0 |    223 |   1 |  371.0 |
               +--------+--------+--------+--------+--------+-----+--------+

Top non-repeatable levels by time:
     D:1: 1017 daAuts
     D:2: 772 daAuts
     D:3: 487 daAuts
   Sewer: 371 daAuts
